Map: Submarine LE

Players

Jonathas - Winner!

  • Race: Zerg Zerg
  • League: Diamond
  • Spawn Location: 11:00

Driven

  • Race: Zerg Zerg
  • League: Diamond
  • Spawn Location: 5:00

VOD

Have the link to the VOD?

Description

Time

  • Played on: July 10, 2020, 3:36 a.m.
  • Length: 11:48
Show
View Real Time Build Order
Export as new Build Order

Jonathas Zerg - Winner!

Build Orders: Pool First 

Get SALT Encoding   

  12  0:01  Drone  
  13  0:13  Overlord  
  13  0:18  Drone  
  14  0:25  Overlord  
  14  0:37  Drone x2  
  16  0:48  Spawning Pool  
  15  0:52  Drone  
  16  0:58  Drone  
  16  1:02  Extractor  
  16  1:20  Hatchery  
  16  1:23  Drone  
  16  1:28  Drone  
  16  1:30  Drone  
  18  1:41  Spine Crawler  
  18  1:44  Zergling x2  
  18  1:54  Queen  
  18  1:58  Zergling x2  
  21  2:05  Zergling x2  
  22  2:11  Zergling x2  
  20  2:23  Zergling x2  
  21  2:36  Zergling x4  
  22  2:38  Metabolic Boost  
  21  2:45  Drone x2  
  23  2:53  Queen  
  23  2:58  Drone  
  26  3:03  Drone  
  27  3:07  Drone  
  27  3:08  Drone  
  29  3:15  Drone  
  29  3:16  Drone  
  31  3:20  Drone  
  31  3:21  Drone  
  31  3:25  Zergling x2  
  34  3:28  Zergling x2  
  34  3:32  Overlord  
  35  3:38  Drone  
  36  3:43  Overlord  
  36  3:51  Drone  
  36  3:54  Extractor  
  36  3:57  Drone  
  36  3:59  Zergling x2  
  38  4:03  Queen  
  38  4:08  Zergling x4  
  42  4:17  Hatchery  
  42  4:18  Drone x2, Roach Warren  
  42  4:30  Queen  
  42  4:31  Evolution Chamber  
  43  4:35  Drone x2  
  45  4:39  Drone x2  
  45  4:43  Drone  
  45  4:44  Drone  
  50  4:45  Drone  
  50  4:52  Drone  
  51  4:53  Evolution Chamber  
  51  4:56  Overlord  
  50  5:03  Drone x2  
  51  5:12  Drone x2  
  51  5:14  Zerg Missile Weapons Level 1  
  52  5:20  Roach x3  
  52  5:21  Roach  
  58  5:30  Roach  
  58  5:31  Roach  
  58  5:33  Roach  
  58  5:34  Roach  
  65  5:39  Lair, Extractor  
  62  5:47  Roach x2  
  66  5:53  Overlord x2  
  66  5:54  Extractor, Overlord  
  65  5:59  Overlord  
  65  6:12  Roach x4  
  73  6:19  Overlord  
  73  6:20  Drone  
  73  6:21  Drone x2  
  73  6:25  Roach x2  
  80  6:30  Roach x2  
  84  6:35  Roach  
  84  6:37  Glial Reconstitution  
  84  6:39  Drone  
  87  6:40  Drone  
  87  6:43  Drone  
  87  6:45  Drone  
  90  6:53  Drone x4  
  94  6:55  Drone  
  94  6:57  Drone  
  96  7:06  Zerg Ground Armor Level 1  
  96  7:07  Overlord  
  96  7:11  Overlord  
  94  7:15  Overlord  
  94  7:16  Overlord  
  94  7:21  Drone x2  
  96  7:24  Drone x2  
  96  7:25  Overlord  
  98  7:30  Ravager x5  
  98  7:32  Roach  
  98  7:33  Roach  
  98  7:36  Overlord  
  107  7:38  Overlord  
  107  7:42  Extractor  
  106  7:45  Roach x2  
  110  7:52  Roach  
  110  7:53  Roach  
  100  8:00  Roach x3  
  92  8:07  Roach  
  92  8:09  Roach x3  
  92  8:12  Roach x5  
  110  8:16  Roach x2  
  110  8:19  Drone x2  
  116  8:20  Drone  
  116  8:26  Ravager  
  118  8:28  Pneumatized Carapace  
  118  8:30  Drone x5  
  118  8:31  Drone  
  118  8:34  Drone  
  125  8:35  Drone x2  
  125  8:36  Drone  
  125  8:39  Overseer  
  125  8:41  Drone  
  129  8:43  Ravager  
  129  8:46  Overlord, Ravager  
  129  8:47  Overlord  
  131  8:48  Overlord  
  131  8:58  Overlord x3  
  131  9:01  Extractor  
  130  9:04  Hydralisk Den  
  130  9:05  Roach  
  130  9:06  Roach x3  
  137  9:13  Roach x2  
  137  9:14  Roach x3  
  147  9:18  Roach x2  
  147  9:20  Drone x2  
  147  9:23  Roach  
  147  9:24  Roach  
  157  9:29  Roach x2  
  161  9:31  Roach  
  161  9:32  Roach x2  
  161  9:33  Roach  
  161  9:38  Roach  
  175  9:45  Roach x2  
  175  9:46  Roach  
  177  9:53  Roach  
  177  9:54  Roach x4  
  187  10:02  Roach x2  
  168  10:08  Roach  
  168  10:09  Roach x3  
  168  10:10  Roach x3  
  168  10:13  Roach x3  
  163  10:16  Roach  
  163  10:17  Roach  
  163  10:19  Roach  
  153  10:24  Roach x2  
  153  10:25  Roach x2  
  151  10:36  Roach x3  
  151  10:37  Roach  
  151  10:40  Ravager  
  151  10:41  Roach x2  
  151  10:47  Roach  
  143  10:53  Roach x3  
  143  10:54  Roach  
  148  10:57  Roach x2  
  150  11:06  Roach x2  
  150  11:07  Roach  
  150  11:09  Ravager  
  150  11:11  Hatchery, Ravager x2  
  156  11:15  Roach x4  
  156  11:16  Ravager  
  165  11:21  Roach  
  165  11:22  Roach x2  
  165  11:24  Overlord x2  
  167  11:45  Ravager x3  
Show
View Real Time Build Order
Export as new Build Order

Driven Zerg 

Build Orders: Pool First 

Get SALT Encoding   

  12  0:01  Drone  
  13  0:22  Spawning Pool  
  13  0:24  Drone  
  13  0:33  Overlord  
  13  0:38  Drone  
  14  0:52  Drone  
  15  1:09  Zergling x6  
  15  1:10  Queen  
  20  1:28  Hatchery  
  20  1:31  Drone  
  20  1:34  Drone  
  21  1:41  Overlord  
  21  1:48  Extractor  
  20  2:06  Drone x2  
  22  2:21  Drone x3  
  22  2:22  Drone  
  26  2:33  Drone  
  25  2:45  Queen  
  25  2:47  Drone x2  
  29  2:54  Overlord  
  29  2:56  Overlord  
  29  2:59  Drone x3  
  29  3:03  Drone  
  33  3:07  Metabolic Boost  
  33  3:16  Zergling x2  
  33  3:17  Zergling x2  
  35  3:20  Hatchery  
  35  3:25  Drone x3  
  37  3:27  Drone  
  37  3:29  Drone  
  39  3:36  Baneling Nest  
  39  3:38  Overlord  
  39  3:40  Drone  
  39  3:45  Zergling x4  
  43  3:55  Zergling x4  
  42  4:03  Zergling x4  
  42  4:04  Zergling x8  
  47  4:18  Zergling x4  
  47  4:21  Baneling x3  
  48  4:32  Roach Warren  
  48  4:33  Drone x3  
  48  4:34  Extractor  
  48  4:35  Drone x2, Extractor  
  48  4:36  Drone  
  48  4:37  Overlord  
  48  4:38  Overlord  
  51  4:42  Lair  
  51  4:51  Hatchery, Baneling x2  
  50  5:01  Drone x3  
  50  5:05  Drone x3  
  56  5:07  Evolution Chamber  
  56  5:10  Baneling x2  
  54  5:19  Baneling x4  
  54  5:20  Zergling x10  
  54  5:21  Zergling x2  
  61  5:42  Drone x2  
  62  5:43  Drone  
  62  5:46  Roach  
  62  5:47  Roach x2  
  67  5:52  Glial Reconstitution, Zerg Missile Weapons Level 1  
  67  5:55  Overlord  
  67  5:56  Overlord  
  67  5:57  Overlord  
  67  6:03  Evolution Chamber  
  66  6:05  Queen  
  70  6:11  Roach  
  70  6:12  Roach x2  
  74  6:19  Extractor, Drone x2  
  74  6:25  Drone x3  
  78  6:26  Roach x4  
  78  6:28  Roach  
  88  6:33  Overlord  
  88  6:35  Overlord  
  88  6:40  Roach  
  88  6:41  Roach  
  92  6:49  Drone x3  
  92  6:50  Drone x3  
  98  6:54  Zerg Ground Armor Level 1  
  98  6:58  Roach  
  98  6:59  Ravager  
  103  7:01  Roach  
  103  7:02  Roach  
  103  7:04  Roach  
  103  7:07  Roach  
  109  7:11  Roach x2  
  109  7:15  Roach  
  114  7:19  Overlord x2  
  114  7:20  Overlord  
  114  7:32  Hydralisk Den  
  114  7:34  Drone  
  112  7:50  Hatchery  
  98  7:59  Roach x3  
  98  8:00  Roach x8  
  103  8:12  Drone x2  
  105  8:13  Drone x6  
  105  8:14  Drone  
  105  8:17  Zerg Missile Weapons Level 2  
  112  8:26  Drone x2  
  115  8:27  Drone  
  115  8:34  Overlord  
  115  8:37  Roach x2  
  119  8:42  Roach x4  
  119  8:43  Roach x2  
  119  8:46  Roach x3  
  137  8:55  Roach x3  
  143  8:59  Ravager  
  144  9:05  Queen  
  144  9:08  Pneumatized Carapace  
  146  9:12  Overlord x2  
  146  9:13  Overlord x2  
  146  9:30  Queen  
  146  9:31  Roach x8  
  150  9:32  Roach x2  
  150  9:34  Overlord x4  
  168  10:04  Roach  
  168  10:05  Roach x5  
  160  10:12  Roach x3  
  141  10:15  Roach  
  141  10:18  Roach  
  129  10:23  Zergling x12  
  129  10:24  Zergling x2  
  128  10:29  Zergling x2  
  128  10:30  Zergling x2  
  128  10:34  Roach x2  
  127  10:38  Roach x2  
  106  10:51  Roach  
  106  10:52  Roach x3  
  106  10:56  Roach x3  
  115  11:03  Roach x3  
  115  11:04  Roach x6  
  132  11:09  Roach x2  
  132  11:10  Roach  
  135  11:13  Roach  
  135  11:14  Roach  
  135  11:16  Zergling x4  
  141  11:20  Zergling x4  
  141  11:23  Zergling x2  
Tags
 
Add a new tag
Caveats
  • Supply blocks, unpowered buildings, or Contaminate may cause inaccurate times.
  • Supply counts are checked every 10 seconds.